 Dungeon Crawl Stone Soup version 0.30-a0-1053-gbd8d5ba0ad (webtiles) character file.

Game seed: 7865040765793127394

237 Zeldest the Charlatan (level 5, -2/44 HPs)
             Began as a Demigod Artificer on Apr 11, 2023.
             Slain by a worm (8 damage)
             ... on level 2 of the Dungeon.
             The game lasted 00:06:54 (2084 turns).

Zeldest the Charlatan (Demigod Artificer)           Turns: 2084, Time: 00:06:54

Health: -2/44      AC:  4    Str: 13    XL:     5   Next: 48%
Magic:  10/10      EV: 11    Int: 17    God:
Gold:   121        SH:  0    Dex: 14    Spells: 7/7 levels left

rFire   . . .      SeeInvis .    h - +0 dagger
rCold   . . .      Faith    .    (no shield)
rNeg    . . .      Spirit   .    b - +0 leather armour
rPois   .          Reflect  .    (no helmet)
rElec   .          Rampage  .    (no cloak)
rCorr   .                        (no gloves)
Will    .....                    o - +0 pair of boots
Stlth   +                        (no amulet)
HPRegen 0.27/turn                (no ring)
MPRegen 0.12/turn                (no ring)

@: hasted, very quick
A: high MP 1, forlorn, divine attributes
a: no special abilities


You were on level 2 of the Dungeon.
You visited 1 branch of the dungeon, and saw 2 of its levels.

You collected 121 gold pieces.

Inventory:

Hand Weapons
 h - a +0 dagger (weapon)
Armour
 b - a +0 leather armour (worn)
 f - a +0 scale mail
 k - a +0 tower shield
 o - a +0 pair of boots (worn)
Wands
 c - a wand of flame (11) (quivered)
 d - a wand of charming (13)
 e - a wand of iceblast (3)
Scrolls
 l - a scroll of fog {unknown}
 p - a scroll of blinking {unknown}
Potions
 a - a potion of haste
 g - a potion of degeneration {unknown}
 j - a potion of heal wounds {unknown}
 m - a potion of curing {unknown}


   Skills:
 + Level 2.8 Fighting
 - Level 1.7 Armour
 - Level 0.8 Dodging
 - Level 0.8 Stealth
 + Level 1.8 Spellcasting
 + Level 2.0 Conjurations
 + Level 2.0 Summonings
 - Level 3.2 Evocations


You had 7 spell levels left.
You didn't know any spells.
Your spell library contained the following spells:

 Spells                   Type           Power      Damage    Failure   Level
 Volatile Blastmotes      Fire/Tloc      2%         2d10      58%         3
 Fulminant Prism          Conj/Hex       2%         3d5       85%         4
 Iskenderun's Mystic Bla  Conj/Tloc      5%         2d3       85%         4
 Summon Forest            Summ/Tloc      2%         N/A       99%         5
 Lee's Rapid Deconstruct  Erth           0%         3d4*      100%        5
 Eringya's Noxious Bog    Tmut/Pois      0%         N/A       100%        6
 Summon Hydra             Summ           4%         N/A       100%        7


Dungeon Overview and Level Annotations

Branches:
Dungeon (2/15) Zot: 9915

Annotations:
D:2 Natasha


Innate Abilities, Weirdness & Mutations

You have an increased reservoir of magic. (+10% MP)
You shall have no god before yourself.
Your divine heritage dramatically boosts your attributes as you level up.


Message History

* * * LOW HITPOINT WARNING * * *
You closely miss the adder.
The adder is almost dead.
The adder completely misses you.
You hit the adder but do no damage.
The adder is almost dead.
The adder bites you but does no damage. The worm barely misses you.
The adder bites you but does no damage. The adder barely misses you.
The adder attacks as you move away! The adder bites you but does no damage.
The adder attacks as you move away! The adder bites you.
* * * LOW HITPOINT WARNING * * *
You are poisoned.
The adder poisons you!
You feel sick. The adder attacks as you move away!
The adder completely misses you.
You feel sick. The adder bites you.
* * * LOW HITPOINT WARNING * * *
Aiming: Throw Flame
Press: ? - help, Shift-Dir - straight line, f - adder
Aim: an adder (almost dead, 53% to hit)
The puff of flame hits the adder!
You kill the adder!
You feel sick.
Your Summonings skill increases to level 2!
You feel sick.
You feel sick.
You feel sick.
You feel sick.
You are no longer poisoned.
Natasha hisses angrily.
Natasha mumbles some strange words.
As you read the scroll labelled EXIZAJOUMM, it crumbles to dust.
It is a scroll of amnesia.
You feel forgetful for a moment.
As you read the scroll labelled IFFUDIATUTS, it crumbles to dust.
The creatures around you are filled with an inner flame!
It was a scroll of immolation.
It was a potion of haste.
You feel yourself speed up. The worm bites you!
You die...

................................#
###(#...#.......................#
###...##......................#
#...##......................#
#...........................#
#............................
#...........................†
#...####.#...h..#...........^
#...# #.#..@w5.#....5.......
#...####w##....##....h.......
##........##....# ............
#..........##..## ............
##..........##..# ............
##......##....#### ............
##..#..........## .......
................# .......
................# .......


You could see a worm (inner flame), Natasha and a cerulean imp (summoned).

Vanquished Creatures
  Sigmund (D:2)
  3 adders
  A worm (D:2)
  A dart slug (D:2)
  4 bats
  3 endoplasms (D:1)
  2 giant cockroaches
  2 goblins (D:1)
  A hobgoblin (D:2)
  A jackal (D:1)
  A quokka (D:1)
  4 ball pythons
  5 kobolds
  11 rats
40 creatures vanquished.

Vanquished Creatures (collateral kills)
  A dart slug (D:1)
  An endoplasm (D:1)
  A jackal (D:1)
  A goblin (D:1)
4 creatures vanquished.

Vanquished Creatures (others)
  A quokka (D:1)
  A rat (D:1)
2 creatures vanquished.

Grand Total: 46 creatures vanquished

Notes
Turn   | Place    | Note
-------+----------+-------------------------------------------
     0 | D:1      | Zeldest the Demigod Artificer began the quest for the Orb.
     0 | D:1      | Reached XP level 1. HP: 15/15 MP: 3/3
    84 | D:1      | Reached skill level 1 in Fighting
   115 | D:1      | Reached skill level 3 in Evocations
   202 | D:1      | Reached XP level 2. HP: 17/23 MP: 4/4
  1130 | D:2      | Noticed Sigmund
  1142 | D:1      | Reached XP level 3. HP: 5/29 MP: 4/6
  1317 | D:2      | Killed Sigmund
  1318 | D:2      | Reached skill level 1 in Spellcasting
  1318 | D:2      | Reached skill level 1 in Conjurations
  1318 | D:2      | Reached skill level 1 in Summonings
  1318 | D:2      | Reached XP level 4. HP: 37/37 MP: 6/9
  1318 | D:2      | Reached XP level 5. HP: 42/42 MP: 6/10
  1347 | D:2      | Noticed Natasha
  2084 | D:2      | Slain by a worm

Illustrated notes

Levels and vault maps discovered:
D:1:      minmay_arrival_cross, layout_basic, minmay_rat_gold_closets
D:2:      layout_basic, minmay_misc_feat_x, kennysheep_potato, uniq_sigmund,
          uniq_natasha

Skill      XL: |  1  2  3  4  5 |
---------------+----------------+-----
Fighting       | 1 2 |  2.8
Evocations     | 3 |  3.2
Spellcasting   | 1 |  1.8
Conjurations   | 1 2 |  2.0
Summonings     | 1 2 |  2.0
Armour         | |  1.7
Dodging        | |  0.8
Stealth        | |  0.8

Action                     |  1- 3 |  4- 6 || total
---------------------------+-------+-------++-------
  Melee: Unarmed           |    34 |       ||    34
         Dagger            |    95 |   115 ||   210
         Punch             |     3 |     1 ||     4
  Evoke: Wand              |     7 |     1 ||     8
    Use: Scroll            |     1 |     2 ||     3
         Potion            |       |     1 ||     1
   Stab: Sleeping          |     3 |       ||     3
 Armour: Leather armour    |    37 |    41 ||    78
  Dodge: Dodged            |   104 |    67 ||   171

Table legend: (Time is in decaauts)
 A = Elapsed time spent in this place.
 B = Non-inter-level travel time spent in this place.
 C = Inter-level travel time spent in this place.
 D = Time resting spent in this place.
 E = Time spent auto-exploring this place.
 F = Levels seen in this place.
 G = Mean time per level.
                   A        B        C        D        E       F      G
               +--------+--------+--------+--------+--------+-----+--------+
         Total |   2083 |   1855 |    228 |    390 |    609 |   2 | 1041.5 |
       Dungeon |   2083 |   1855 |    228 |    390 |    609 |   2 | 1041.5 |
               +--------+--------+--------+--------+--------+-----+--------+

Top non-repeatable levels by time:
     D:1: 1427 daAuts
     D:2: 655 daAuts
